 Dungeon Sprint DCSS version 0.27.1-1-g398f81649c (webtiles) character file.

Game seed: 9763798649891108180

5740 styxcanada the Imperceptible (level 10, -3/55 HPs)
             Began as a Spriggan Brigand on Sept 15, 2021.
             Was an Initiate of Gozag.
             Slain by Agnes (8 damage)
             ... in the Dungeon (Sprint IV: "Fedhas' Mad Dash").
             The game lasted 00:12:34 (2127 turns).

styxcanada the Imperceptible (Spriggan Brigand)     Turns: 2127, Time: 00:12:34

Health: -3/55      AC:  5    Str: 13    XL:     10   Next: 49%
Magic:  11/11      EV: 28    Int: 19    God:    Gozag
Gold:   977        SH:  9    Dex: 24    Spells: 5/9 levels left

rFire    . . .     SeeInvis +   a - +2 dagger
rCold    + . .     Faith    .   m - +0 buckler
rNeg     . . .     Spirit   .   r - +2 robe {rC+}
rPois    .         Reflect  .   (helmet restricted)
rElec    .         Harm     .   c - +0 cloak
rCorr    .         Rampage  .   (gloves unavailable)
Will     +....     NoTele   +   (boots unavailable)
Stlth    +++++++++.             l - amulet of invisibility {+Inv}
HPRegen  0.18/turn              p - ring of Feesef {Int+6 Dex+4}
MPRegen  0.12/turn              v - +6 ring of strength

@: very slightly contaminated, very quick
A: very small, no large weapons, unfitting armour, see invisible, speed 3
a: Renounce Religion, Evoke Invisibility, Potion Petition, Call Merchant, Bribe
Branch


You were in the Dungeon.
You worshipped Gozag.
Gozag was pleased with you.
You visited 1 branch You collected 2377 gold pieces.
You spent 1400 gold pieces at shops.

Inventory:

Hand Weapons
 a - a +2 dagger (weapon)
Missiles
 d - 3 poisoned darts (quivered)
 e - 2 curare-tipped darts
Armour
 c - a +0 cloak (worn)
 m - a +0 buckler (worn)
 n - the +0 cloak of the Storm King {rPois rC+ Stlth-}
   (You bought it in a shop in the Dungeon)

   rC:        It protects you from cold.
   rPois:     It protects you from poison.
   Stlth:     It makes you less stealthy.
 r - a +2 robe of cold resistance (worn)
Jewellery
 j - a ring of protection from fire
 l - the amulet of invisibility (around neck) {+Inv}
   (You found it in the Dungeon)

   [amulet of nothing]

   +Inv:      It lets you turn invisible.
 p - the ring of Feesef (left hand) {Int+6 Dex+4}
   (You bought it in a shop in the Dungeon)

   [ring of intelligence]

   Int:       It affects your intelligence (+6).
   Dex:       It affects your dexterity (+4).
 v - a +6 ring of strength (right hand)
Wands
 q - a wand of polymorph (11)
Scrolls
 o - a scroll of enchant weapon
 u - 2 scrolls of identify
Potions
 b - a potion of invisibility
 h - a potion of haste
 i - 2 potions of magic
 t - a potion of cancellation


   Skills:
 * Level 7.2 Fighting
 + Level 7.2 Short Blades
 + Level 4.8 Throwing
 * Level 11.2 Dodging
 * Level 23.2 Stealth
 * Level 5.3 Shields
 * Level 13.0 Evocations


You had 5 spell levels left.
You knew the following spells:

 Your Spells              Type           Power      Damage    Failure   Level
a - Cause Fear            Hex            0%         N/A       92%         4

Your spell library contained the following spells:

 Spells                   Type           Power      Damage    Failure   Level
 Passwall                 Tmut/Erth      0%         N/A       34%         2
 Inner Flame              Hex/Fire       0%         N/A       56%         3
 Swiftness                Air            0%         N/A       56%         3
 Invisibility             Hex            0%         N/A       100%        6
 Discord                  Hex            0%         N/A       100%        8


Dungeon Overview and Level Annotations

Branches:
Dungeon (1/1)

Altars:
Cheibriados
Dithmenos
Elyvilon
Gozag
Hepliaklqana
Kikubaaqudgha
Makhleb
Nemelex Xobeh
Okawaru
Qazlal
Ru
Sif Muna
Trog
Uskayaw
Vehumet
Wu Jian
Xom
Yredelemnul
Zin
The Shining One
Beogh
Jiyva
Lugonu

Shops:
D [*[*:*(?

Annotations:
D Agnes


Innate Abilities, Weirdness & Mutations

You are very small and have problems with some larger weapons.
You are too small for most types of armour.
You have supernaturally acute eyesight. (SInv)
You cover ground extremely quickly. (Speed+++)


Message History

As you read the scroll of blinking, it crumbles to dust.
Throw: 8 darts (poison)
Press: ? - help, Q - select action, (/) - cycle Shift-Dir - straight line, f - Agnes
Aim: Agnes, wielding a +0 lajatang and wearing a +1 robe of positive energy (41% to hit)
You throw a poisoned dart. The poisoned dart hits Agnes!
Agnes is poisoned.
Throw: 7 darts (poison)
Press: ? - help, Q - select action, (/) - cycle Shift-Dir - straight line, f/p - Agnes
Aim: Agnes, wielding a +0 lajatang and wearing a +1 robe of positive energy (very poisoned, 41% to hit)
You throw a poisoned dart. The poisoned dart barely misses Agnes.
Agnes bows.
Throw: 6 darts (poison)
Press: ? - help, Q - select action, (/) - cycle Shift-Dir - straight line, f/p - Agnes
Aim: Agnes, wielding a +0 lajatang and wearing a +1 robe of positive energy (very poisoned, 41% to hit)
You throw a poisoned dart. The poisoned dart barely misses Agnes.
Okay, then.
Throw: 5 darts (poison)
Press: ? - help, Q - select action, (/) - cycle Shift-Dir - straight line, f/p - Agnes
Aim: Agnes, wielding a +0 lajatang and wearing a +1 robe of positive energy (very poisoned, 41% to hit)
You throw a poisoned dart. The poisoned dart hits Agnes!
Agnes looks as sick as possible!
Agnes hits you with a +0 lajatang!!
Ouch! That really hurt!
* * * LOW HITPOINT WARNING * * *
You feel better. Agnes completely misses you.
Agnes hits you with a +0 lajatang.
* * * LOW HITPOINT WARNING * * *
The spriggan berserker utters an invocation to Trog.
The polar bear goes berserk!
Throw: 4 darts (poison)
Press: ? - help, Q - select action, (/) - cycle Shift-Dir - straight line, f/p - Agnes
Aim: Agnes, wielding a +0 lajatang and wearing a +1 robe of positive energy (very poisoned, 41% to hit)
You throw a poisoned dart. The poisoned dart hits Agnes!
Agnes looks as sick as possible!
Agnes hits you with a +0 lajatang.
* * * LOW HITPOINT WARNING * * *
You miss Agnes.
Agnes is lightly wounded.
Agnes hits you with a +0 lajatang!
You die...
Your body crumbles into a pile of gold.

#<†..#.....#.....#.⌠._._._
#P.†.'.....'.#[..'.._._._.
#PPPP#.....#.#...#..._._._
###############'##.._._._.
#...♣........'...#._._._._
#......♣.....#...#########
#.....♣..♣..######♣♣♣♣♣..♣
##'####'######.i'...((.♣..
#..#....'@i...(.#♣..♣♣♣.♣)
#..#.|###.....h.#.♣♣.(♣...
####### ########## ######
## ... ..#


You could see Agnes (extremely poisoned), a spriggan berserker (regenerating,
strong-willed) and a polar bear (summoned, berserk).

Vanquished Creatures
  A spriggan druid (D)
  6 oklob plants (D)
  A demonic crawler (D)
  A queen bee (D)
  3 burning bushes (D)
  A hornet (D)
  3 wandering mushrooms (D)
  3 scorpions (D)
  4 killer bees (D)
  5 oklob saplings (D)
  5 spriggans (D)
  A river rat (D)
  A rat (D)
  A ballistomycete spore (D)
36 creatures vanquished.

Vanquished Creatures (others)
  3 fungi (D)
3 creatures vanquished.

Grand Total: 39 creatures vanquished

Notes
Turn   | Place    | Note
-------+----------+-------------------------------------------
     0 | D        | styxcanada the Spriggan Brigand began the quest for the
                  | Orb.
     0 | D        | Reached XP level 1. HP: 10/10 MP: 2/2
    26 | D        | Reached skill level 8 in Stealth
    26 | D        | Reached XP level 2. HP: 6/15 MP: 3/3
   195 | D        | Noticed an oklob sapling
   197 | D        | Killed an oklob sapling
   198 | D        | Reached skill level 10 in Stealth
   198 | D        | Reached XP level 3. HP: 18/18 MP: 4/4
   199 | D        | Noticed a scorpion
   199 | D        | Found the amulet of invisibility {+Inv}
   218 | D        | Killed a scorpion
   219 | D        | Reached skill level 12 in Stealth
   219 | D        | Reached XP level 4. HP: 23/23 MP: 5/5
   264 | D        | Found an opulent altar of Gozag.
   264 | D        | Found a hazy altar of Hepliaklqana.
   264 | D        | Found a burning altar of Makhleb.
   264 | D        | Found a sparkling altar of Nemelex Xobeh.
   264 | D        | Found a snail-covered altar of Cheibriados.
   264 | D        | Found a sacrificial altar of Ru.
   264 | D        | Found a shimmering blue altar of Sif Muna.
   264 | D        | Found a shimmering altar of Xom.
   264 | D        | Found a basalt altar of Yredelemnul.
   265 | D        | Found a viscous altar of Jiyva.
   265 | D        | Found a bloodstained altar of Trog.
   265 | D        | Found an ornate altar of the Wu Jian Council.
   266 | D        | Found an iron altar of Okawaru.
   266 | D        | Found a shadowy altar of Dithmenos.
   266 | D        | Found a glowing silver altar of Zin.
   267 | D        | Found an ancient bone altar of Kikubaaqudgha.
   267 | D        | Found a hide-covered altar of Uskayaw.
   268 | D        | Found a stormy altar of Qazlal.
   268 | D        | Found a white marble altar of Elyvilon.
   268 | D        | Found a glowing golden altar of the Shining One.
   269 | D        | Became a worshipper of Gozag Ym Sagoz the Greedy
   270 | D        | Found a corrupted altar of Lugonu.
   270 | D        | Found a radiant altar of Vehumet.
   275 | D        | Reached skill level 13 in Stealth
   275 | D        | Reached skill level 1 in Evocations
   275 | D        | Reached XP level 5. HP: 28/28 MP: 3/6
   317 | D        | Reached skill level 5 in Dodging
   317 | D        | Reached skill level 14 in Stealth
   320 | D        | Reached skill level 15 in Stealth
   320 | D        | Reached XP level 6. HP: 33/33 MP: 4/7
   347 | D        | Found Isorghao's Assorted Antiques.
   347 | D        | Found Bessaymp's Antique Armour Emporium.
   353 | D        | Bought a slimy cloak for 228 gold pieces
   353 | D        | Identified the +0 cloak of the Storm King {rPois rC+
                  | Stlth-} (You bought it in a shop in the Dungeon)
   353 | D        | Bought a glowing robe for 88 gold pieces
   370 | D        | Bought an orange potion for 20 gold pieces
   375 | D        | Noticed a burning bush
   375 | D        | Noticed a wandering mushroom
   376 | D        | Noticed a wandering mushroom
   409 | D        | Killed a wandering mushroom
   410 | D        | Reached skill level 16 in Stealth
   410 | D        | Reached skill level 1 in Shields
   655 | D        | Reached skill level 5 in Evocations
   655 | D        | Killed a wandering mushroom
   656 | D        | Reached skill level 17 in Stealth
   656 | D        | Reached XP level 7. HP: 17/38 MP: 6/8
   851 | D        | Killed a burning bush
   852 | D        | Reached skill level 5 in Fighting
   869 | D        | Found Leustraoma's General Store.
   869 | D        | Found Qiosovewk's Book Shoppe.
   874 | D        | Identified the +4 arbalest of the Hills {penet, rElec rF+
                  | Dex+2}
   876 | D        | Bought a scroll of identify for 20 gold pieces
  1000 | D        | Bought a scintillating golden ring for 115 gold pieces
  1000 | D        | Identified the ring of Feesef {Int+6 Dex+4} (You bought it
                  | in a shop in the Dungeon)
  1000 | D        | Bought a crooked bone wand for 92 gold pieces
  1001 | D        | Bought a glowing robe for 88 gold pieces
  1047 | D        | Noticed a queen bee
  1054 | D        | Killed a queen bee
  1055 | D        | Reached skill level 18 in Stealth
  1055 | D        | Reached XP level 8. HP: 43/43 MP: 7/9
  1057 | D        | Reached skill level 5 in Short Blades
  1228 | D        | Noticed an oklob plant
  1231 | D        | Killed an oklob plant
  1232 | D        | Reached skill level 19 in Stealth
  1245 | D        | Noticed a burning bush
  1267 | D        | Killed a burning bush
  1268 | D        | Reached skill level 10 in Evocations
  1352 | D        | Noticed a burning bush
  1352 | D        | Noticed an oklob plant
  1353 | D        | Noticed a wandering mushroom
  1354 | D        | Killed a burning bush
  1355 | D        | Reached XP level 9. HP: 48/48 MP: 7/10
  1359 | D        | Killed an oklob plant
  1360 | D        | Reached skill level 20 in Stealth
  1370 | D        | Killed a wandering mushroom
  1538 | D        | Noticed a spriggan druid
  1540 | D        | Killed a spriggan druid
  1541 | D        | Reached skill level 10 in Dodging
  1541 | D        | Reached skill level 21 in Stealth
  1558 | D        | Noticed an oklob plant conjurer
  1559 | D        | Killed an oklob plant conjurer
  1673 | D        | Noticed an oklob plant
  1673 | D        | Noticed an oklob plant summoner
  1674 | D        | Noticed an oklob plant shifter
  1678 | D        | Killed an oklob plant
  1679 | D        | Reached XP level 10. HP: 53/53 MP: 8/11
  1680 | D        | Killed an oklob plant summoner
  1681 | D        | Reached skill level 22 in Stealth
  1684 | D        | Killed an oklob plant shifter
  1703 | D        | Reached skill level 5 in Shields
  1839 | D        | Noticed a spriggan rider
  1840 | D        | Found Ham Fogi's Weapon Emporium.
  1844 | D        | Found Deotama's Magic Scroll Shoppe.
  1848 | D        | Killed a spriggan rider
  1849 | D        | Reached skill level 23 in Stealth
  1866 | D        | Learned a level 4 spell: Cause Fear
  1881 | D        | Bought a scroll of enchant weapon for 82 gold pieces
  1881 | D        | Bought a scroll of fear for 38 gold pieces
  1881 | D        | Bought a scroll of identify for 22 gold pieces
  1881 | D        | Bought a scroll of identify for 22 gold pieces
  2017 | D        | Bought a +6 ring of strength for 585 gold pieces
  2087 | D        | Noticed Agnes
  2089 | D        | Found Xilulloxt's Armour Emporium.
  2089 | D        | Noticed a spriggan berserker
  2091 | D        | Found Ligoeguf's Assorted Antiques.
  2121 | D        | HP: 1/55 [Agnes (35)]
  2127 | D        | Slain by Agnes

Illustrated notes

Levels and vault maps discovered:
D:        dungeon_sprint_fedhas [sprint_temple]

Skill      XL: |  1  2  3  4  5  6  7  8  9 10 |
---------------+-------------------------------+-----
Dodging        | 2 3 4 5 7 9 10 11 | 11.2
Stealth        | 8 10 12 13 15 17 18 19 21 23 | 23.2
Fighting       | 2 3 4 5 6 7 |  7.2
Throwing       | 3 4 |  4.8
Short Blades   | 3 4 5 6 7 |  7.2
Evocations     | 1 3 6 8 10 12 13 | 13.0
Shields        | 2 3 4 5 |  5.3

Action                   |  1- 3 |  4- 6 |  7- 9 | 10-12 || total
-------------------------+-------+-------+-------+-------++-------
Melee: Dagger            |    13 |    31 |    62 |     9 ||   115
Throw: Dart              |    13 |       |       |     5 ||    18
 Abil: Evoke Invisibilit |       |     5 |     6 |     2 ||    13
  Use: Scroll            |       |       |     3 |     3 ||     6
       Potion            |       |       |     1 |     2 ||     3
 Stab: Sleeping          |     1 |     5 |    13 |     5 ||    24
       Invisible         |       |     5 |     2 |     1 ||     8
       Distracted        |       |       |     1 |       ||     1
Armor: Robe              |     2 |       |       |       ||     2
Dodge: Dodged            |     8 |    27 |     5 |     4 ||    44
Block: Buckler           |       |     4 |     4 |     2 ||    10
